 Dungeon Crawl Stone Soup version 0.22.0-27-ga576289601 (webtiles) character file.

1352 thefreepie the Cutter (level 8, -1/68 HPs)
             Began as a Black Draconian Earth Elementalist on Aug 22, 2018.
             Slain by a wight
             ... wielding a cursed +3 mace of protection
              (2 damage)
             ... on level 5 of the Dungeon.
             The game lasted 00:39:29 (8029 turns).

thefreepie the Cutter (DrEE)                        Turns: 8029, Time: 00:39:30

Health: -1/68      AC:  6    Str: 10 (11) XL:     8   Next: 36%
Magic:  0/11       EV: 11    Int: 16      God:
Gold:   247        SH:  0    Dex: 13      Spells: 8/11 levels left

rFire    x . .     SeeInvis .   p - +1 short sword (venom)
rCold    + . .     Gourm    +   (no shield)
rNeg     . . .     Faith    .   (armour unavailable)
rPois    .         Spirit   .   (helmet restricted)
rElec    +         Reflect  .   (no cloak)
rCorr    .         Harm     .   (no gloves)
MR       .....                  (no boots)
Stlth    +.........             g - amulet of the gourmand
HPRegen  0.21/turn              A - ring of ice
MPRegen  0.12/turn              (no ring)

@: short of breath, very slightly contaminated, heavily drained
A: breathe lightning, unfitting armour, electricity resistance, cold-blooded, AC
+6
a: Breathe Lightning


You were on level 5 of the Dungeon.
You were full.

You visited 1 branch of the dungeon, and saw 5 of its levels.
You also visited: Sewer.

You collected 247 gold pieces.

Inventory:

Hand Weapons
 f - a +0 short sword
 k - a +0 hunting sling
 p - a +1 short sword of venom (weapon)
Missiles
 b - 89 stones (quivered)
Armour
 h - a +1 buckler
Jewellery
 g - an amulet of the gourmand (around neck)
 A - a ring of ice (left hand)
Wands
 a - a wand of digging (20)
 v - a wand of flame (16)
Scrolls
 d - a scroll of fog
 e - a scroll of enchant armour
 m - a scroll of identify
 o - a scroll of blinking
 s - a scroll of noise
 t - a scroll of remove curse
 y - 2 scrolls of magic mapping
 B - 2 scrolls of fear
Potions
 j - 3 potions of might
 l - 2 potions of lignification
 n - a potion of heal wounds
 q - 2 potions of ambrosia
 u - 2 potions of brilliance
Comestibles
 c - 15 rations


   Skills:
 - Level 5.3(2.8) Fighting
 * Level 7.3(4.6) Short Blades
 - Level 1.7(0.0) Dodging
 - Level 1.7(0.0) Stealth
 - Level 2.0(0.0) Spellcasting
 - Level 1.0(0.0) Transmutations
 - Level 4.7(2.2) Earth Magic


You had 8 spell levels left.
You knew the following spells:

 Your Spells              Type           Power        Failure   Level  Hunger
a - Sandblast             Erth           #.....       10%         1    ##.....
b - Passwall              Tmut/Erth      #.......     24%         2    ###....

Your spell library contained the following spells:

 Spells                   Type           Power        Failure   Level  Hunger
 Stone Arrow              Conj/Erth      #.....       43%         3    ####...
 Petrify                  Tmut/Erth      #.......     85%         4    #####..
 Lee's Rapid Deconstruct  Erth           #.........   95%         5    ######.


Dungeon Overview and Level Annotations

Branches:
Dungeon (5/15)
 Temple: D:4-7

Altars:
Cheibriados
Hepliaklqana
Kikubaaqudgha

Annotations:
D:2 Natasha


Innate Abilities, Weirdness & Mutations

You can breathe wild blasts of lightning.
Your glossy black scales are hard. (AC +6)
You cannot fit into any form of body armour.
You are resistant to electric shocks. (rElec)
You are cold-blooded and may be slowed by cold attacks.


Message History

The wight hits you with a mace of protection.
* * * LOW HITPOINT WARNING * * *
You feel drained.
* * * LOW HITPOINT WARNING * * *
You hit the wight but do no damage.
The wight is severely damaged.
You barely miss the wight.
The wight is severely damaged.
The wight barely misses you.
Casting: Sandblast (safe; 9% risk of failure)
Confirm with . or Enter, or press ? or * to list all spells.
Aiming: Sandblast (safe; 9% risk of failure)
Press: ? - help, Shift-Dir - straight line, f/p - wight
Aim: a wight, wielding a mace of protection and wearing a robe (severely damaged)
The blast of sand misses the wight.
b - 89 stones The wight hits you with a mace of protection!
* * * LOW HITPOINT WARNING * * *
You feel drained.
You die...

.....#........# #.#
#..#.######.###.# #.....#
##[...# ##....######)#.#
##.......##.#.#
##....###.##.#.#######
##....z.z.............#
...#..##########z#######.#
.##.....# #@# #.#
.###.##.# #<#######.######
.# #S #.# #...)...#......#
.# #. #.# #####)#.######.#
.###.##.# ######...#...#
#.# z.... #z#
#......#####z# #.# .# ##
#.# #.####.).#...# #.#
#######z#####.# ###.#..##
#.# ...).).....>z.# #.z..#
#.#


You could see a wight.

Vanquished Creatures
  An ice beast (D:5)
  A phantom (D:4)
  An eye of draining (D:5)
  2 ogres
  A bullfrog (D:5)
  4 wights (D:5)
  A hound (D:4)
  3 orc priests
  2 orc wizards (D:4)
  Natasha (twice) (D:2)
  6 worker ants
  A hound skeleton (D:4)
  A mummy (D:4)
  A worker ant zombie (D:4)
  Robin (D:4)
  11 adders
  A river rat (D:5)
  2 oozes
  5 worms
  5 leopard geckos
  27 orcs
  4 giant cockroaches
  15 goblins
  7 hobgoblins
  10 jackals
  16 kobolds
  2 quokkas
  3 ball pythons
  5 bats
  8 frilled lizards
  A hobgoblin zombie (D:4)
  A kobold zombie (D:4)
  A leopard gecko skeleton (D:4)
  2 orc zombies (D:4)
  7 rats
  3 plants (Sewer)
164 creatures vanquished.

Vanquished Creatures (others)
  A goblin (D:4)
  A plant (Sewer)
  5 toadstools (D:1)
7 creatures vanquished.

Grand Total: 171 creatures vanquished

Notes
Turn   | Place    | Note
-------+----------+-------------------------------------------
     0 | D:1      | thefreepie the Draconian Earth Elementalist began the quest for the Orb.
     0 | D:1      | Reached XP level 1. HP: 14/14 MP: 3/3
   649 | D:1      | Reached XP level 2. HP: 10/22 MP: 1/5
   886 | D:1      | Reached skill level 1 in Fighting
  1375 | D:2      | Reached XP level 3. HP: 17/28 MP: 6/6
  1902 | D:2      | Noticed Natasha
  1912 | D:2      | Killed Natasha
  1912 | D:2      | Reached XP level 4. HP: 28/36 MP: 0/7
  2286 | D:2      | Found a snail-covered altar of Cheibriados.
  2578 | D:2      | Noticed Natasha
  2590 | D:2      | Killed Natasha
  2590 | D:2      | Reached skill level 5 in Earth Magic
  2590 | D:2      | Reached XP level 5. HP: 13/42 MP: 0/8
  2616 | D:2      | Noticed Natasha
  3897 | D:3      | Learned a level 2 spell: Passwall
  3986 | D:3      | Reached skill level 1 in Short Blades
  4572 | D:4      | Reached skill level 2 in Short Blades
  4589 | D:4      | Reached XP level 6. HP: 35/51 MP: 9/9
  4717 | D:4      | Noticed Robin
  4735 | D:4      | Killed Robin
  4924 | D:4      | Reached skill level 3 in Short Blades
  5322 | D:4      | Your scales start taking on a glossy black colour.
  5322 | D:4      | Reached XP level 7. HP: 59/59 MP: 10/10
  5322 | D:4      | Gained mutation: You are resistant to electric shocks. (rElec) [Black Draconian growth]
  5444 | D:4      | Reached skill level 4 in Short Blades
  5725 | D:4      | Found an ancient bone altar of Kikubaaqudgha.
  6064 | D:5      | Entered Level 5 of the Dungeon
  6163 | D:5      | Found a glowing drain.
  6173 | D:5      | Reached skill level 5 in Short Blades
  6186 | D:5      | Reached skill level 5 in Fighting
  6219 | Sewer    | Entered a sewer
  7149 | D:5      | Reached XP level 8. HP: 68/68 MP: 11/11
  7233 | D:5      | Reached skill level 6 in Short Blades
  7663 | D:5      | Found a hazy altar of Hepliaklqana.
  7699 | D:5      | Reached skill level 7 in Short Blades
  8029 | D:5      | HP: 1/68 [wight/mace of protection (9)]
  8029 | D:5      | Slain by a wight

Skill      XL: |  1  2  3  4  5  6  7  8 |
---------------+-------------------------+-----
Fighting       | 1 2 3 4 5 |  5.3
Earth Magic    | 4 5 4 |  4.7
Short Blades   | 2 3 5 7 |  7.3
Dodging        | |  1.7
Stealth        | |  1.7
Spellcasting   | |  2.0
Transmutations | |  1.0

Action                   |  1- 3 |  4- 6 |  7- 9 || total
-------------------------+-------+-------+-------++-------
Melee: Short sword       |    95 |   172 |   337 ||   604
       Unarmed           |    15 |     1 |       ||    16
       Tailslap          |     9 |    17 |    43 ||    69
 Cast: Sandblast         |    21 |    49 |    47 ||   117
       Passwall          |       |       |     2 ||     2
 Abil: Breathe Lightning |       |       |     3 ||     3
  Use: Scroll            |     3 |     5 |     4 ||    12
       Potion            |       |     5 |     7 ||    12
 Stab: Sleeping          |       |     5 |     2 ||     7
  Eat: Chunk             |     3 |    17 |     9 ||    29
       Ration            |       |     1 |       ||     1
Armor: Skin              |    31 |    55 |    74 ||   160
Dodge: Dodged            |    68 |   128 |   153 ||   349
